AoeStats
← Toblerone Order

MegaRandom

507813407Analyzed
3v3 RM · 14d ago on Sep 19, 2026· 35m 14s· 6 players
Game mode
Random Map
Map size
Normal (6 player)
Population
200
Speed
Normal
Resources
Standard
Victory
Conquest
Starting age
Dark Age
Ending age
Imperial Age
RankedLock teamsTeams togetherTeam positionsShared explorationLock speedFull tech treeHidden civsTurbo modeCheats
Victory
Defeat
🇺🇸 Koreans · United States
1579
+15
🇺🇸 Sicilians · United States
1563
+16
🇹🇷 Georgians · Türkiye
1543
+17
🇩🇪 Mongols · Germany
1620
-19
🇩🇪 Huns · Germany
1578
-17
🇩🇪 Franks · Germany
1473
-12
Red_Iffun
9:47 Loom
12:59 Feudal Age
14:42 Double-Bit Axe
18:22 Castle Age
19:03 Fletching
23:34 Bow Saw
MatzeAoE
11:04 Loom
13:41 Feudal Age
14:21 Double-Bit Axe
17:49 Castle Age
15:59 Fishing Lines
17:39 Gold Mining
18:44 Scale Barding Armor
18:53 Bow Saw
21:05 Bloodlines
24:48 Town Watch
27:32 Gillnets
28:33 Husbandry
30:33 Chain Barding Armor
29:56 Light Cavalry
34:07 Forging
Prince <3
11:04 Feudal Age
12:30 Loom
15:11 Castle Age
13:49 Fletching
14:55 Padded Archer Armor
15:23 Bloodlines
16:53 Bodkin Arrow
25:52 Ballistics
30:38 Husbandry
Rhogal
4:19 Loom
10:30 Feudal Age
11:20 Double-Bit Axe
15:07 Fletching
15:31 Horse Collar
23:59 Castle Age
24:38 Bodkin Arrow
24:06 Crossbowman
27:18 Wheelbarrow
27:47 Ballistics
30:10 Hand Cart
31:13 Bow Saw
33:09 Thumb Ring
34:28 Town Watch
OmerGomer
5:15 Loom
6:27 Loom
11:53 Feudal Age
18:09 Castle Age
16:12 Double-Bit Axe
16:51 Fletching
17:52 Padded Archer Armor
19:22 Bow Saw
21:26 Wheelbarrow
20:52 Crossbowman
24:29 Ballistics
28:03 Bodkin Arrow
31:52 Hand Cart
32:01 Leather Archer Armor
31:28 Horse Collar
31:55 Gold Mining
32:06 Town Watch
Toblerone Order
8:28 Loom
10:49 Feudal Age
11:22 Double-Bit Axe
15:13 Castle Age
13:06 Fishing Lines
13:54 Gold Mining
14:51 Scale Barding Armor
14:57 Forging
15:59 Forging
16:10 Bow Saw
24:41 Wheelbarrow
24:11 Husbandry
24:25 Bloodlines
25:02 Chain Barding Armor
25:37 Horse Collar
27:21 Iron Casting
27:05 Heavy Plow
35:25 Imperial Age
33:11 Hand Cart
33:29 Town Watch
Connection lost

Rejoining the realm…

Still unreachable

The connection could not be restored.

Session expired

The server has moved on; the page needs a fresh start.